 Dungeon Crawl Stone Soup version 0.31.0-9-g3a7656b989 (webtiles) character file.

Game seed: 104333006597479354

2923 qw the Nimble (level 9, 0/39 HPs)
             Began as a Spriggan Hunter on Feb 2, 2024.
             Was an Elder of Okawaru.
             Slain by a yak (5 damage)
             ... on level 8 of the Dungeon.
             The game lasted 00:00:35 (6230 turns).

qw the Nimble (Spriggan Hunter)                     Turns: 6230, Time: 00:00:36

Health: 0/39       AC:  2    Str:  7    XL:     9   Next: 50%
Magic:  12/12      EV: 26    Int: 10    God:    Okawaru [****..]
Gold:   178        SH:  0    Dex: 23    Spells: 8/8 levels left

rFire   . . .        e - +1 arbalest
rCold   . . .        (shield currently unavailable)
rNeg    . . .        c - +0 robe
rPois   +            (helmet restricted)
rElec   .            (no cloak)
rCorr   .            (gloves unavailable)
SInv    +            (boots unavailable)
Will    ++...        a - amulet of regeneration
Stlth   ++           f - ring of poison resistance
HPRegen 1.06/turn    o - ring of willpower
MPRegen 0.13/turn

%: no passive effects
@: about to teleport, very quick
A: very small, no large weapons, unfitting armour, see invisible, speed 3, horns
1, talons 1, frail 1, low MP 1
a: Renounce Religion, Heroism, Finesse


You were on level 8 of the Dungeon.
You worshipped Okawaru.
Okawaru was greatly pleased with you.
You visited 2 branches of the dungeon, and saw 9 of its levels.
You also visited: Sewer and Ossuary.

You collected 378 gold pieces.
You spent 200 gold pieces at shops.


Innate Abilities, Weirdness & Mutations

You are very small and have problems with some larger weapons.
You are too small for most types of armour.
You have supernaturally acute eyesight. (SInv)
You cover ground extremely quickly. (Speed+++)
You have a pair of small horns on your head.
You have sharp toenails.
You are frail. (-10% HP)
Your magical capacity is low. (-10% MP)


   Skills:
 + Level 3.4 Fighting
 - Level 10.0 Ranged Weapons
 - Level 10.0 Dodging
 - Level 1.5 Stealth
 + Level 4.7 Invocations


You had 8 spell levels left.
You didn't know any spells.
Your spell library was empty.

Inventory:

Hand Weapons
 e - a +1 arbalest (weapon)
Armour
 c - a +0 robe (worn)
Jewellery
 a - an amulet of regeneration (around neck)
 f - a ring of poison resistance (left hand)
 k - a ring of poison resistance
 o - a ring of willpower (right hand)
 Y - a +6 ring of strength
Wands
 h - a wand of paralysis (5)
 i - a wand of polymorph (4)
 q - a wand of light (7)
Scrolls
 g - 2 scrolls of enchant armour
Potions
 b - 3 potions of curing
 d - 2 potions of might
 j - a potion of cancellation
 m - a potion of enlightenment

Dungeon Overview and Level Annotations

Branches:
Dungeon (8/15)             Temple (1/1) D:4           Sewer (visited)
Ossuary (visited)
   Lair: D:8-11

Altars:
Ashenzari
Dithmenos
Elyvilon
Fedhas
Gozag
Hepliaklqana
Kikubaaqudgha
Makhleb
Okawaru
Qazlal
Ru
Sif Muna
Trog
Uskayaw
Vehumet
Wu Jian
Xom
Yredelemnul
Zin
The Shining One

Shops:
D:4 :=

Annotations:
D:8 2 runed translucent doors


Message History

You remove your +6 ring of strength.
You feel weaker.
o - a ring of willpower (right hand) Done exploring.
6168 ||| READING scroll of identify.
6168 ||| IDENTIFYING scroll labelled SUASMOFYSM
As you read the scroll of identify, it crumbles to dust.
l - a scroll of torment Done exploring.
6169 ||| DROPPING scroll of torment.
You drop a scroll of torment.
Done exploring.
What level of the Dungeon? (default 7, ? - help)
There is a stone staircase leading down here.
You climb downwards.
There is a stone staircase leading up here.
Waypoint 9 assigned to D:8.
You open the door.
There is an open door here.
A bullfrog and a yak come into view.
You shoot a bolt. The bolt hits the yak!
The yak bellows!
The yak is moderately wounded.
The bullfrog croaks.
You hear an angry hiss.
You hear an angry buzzing noise.
A wyvern comes into view.
You shoot a bolt. The bolt barely misses the yak.
A killer bee comes into view.
The yak completely misses you.
You shoot a bolt. The bolt hits the yak.
The yak is heavily wounded.
The yak gores you! The yak completely misses you.
You shoot a bolt. The bolt barely misses the yak.
The yak gores you!
You shoot a bolt. The bolt hits the yak!
The yak is almost dead.
The yak gores you. The yak gores you!
6230 ||| READING scroll of teleportation.
As you read the scroll of teleportation, it crumbles to dust.
You feel strangely unstable. The yak gores you.
You die...

..## ##..#
y#..#
k#..#
###F#..#
##.#Y#..#
#.#@##..##
#'###..<.#
#........#
##.#...###
#.#####
+.# .+.#
.8#.#
=8##.#


You could see a yak, a wyvern, a bullfrog and a killer bee.

Vanquished Creatures
  3 water moccasins
  2 ice beasts
  2 centaurs
  4 ogres
  A weeping skull (Ossuary)
  2 kobold brigands (Sewer)
  A gnoll sergeant (D:7)
  2 bullfrogs (D:7)
  4 water moccasin zombies
  A scorpion (D:6)
  A burial acolyte (D:5)
  5 wights (D:7)
  3 bombardier beetles (D:4)
  A centaur zombie (D:6)
  2 hounds
  2 orc priests (D:7)
  2 bullfrog zombies (D:6)
  A jelly (D:5)
  A spectral scorpion (Ossuary)
  Terence (D:3)
  4 iguanas
  2 killer bee zombies (D:6)
  A crocodile zombie (Ossuary)
  A bullfrog simulacrum (Ossuary)
  A howler monkey zombie (D:6)
  2 mummies (Ossuary)
  5 gnolls (D:7)
  10 adders
  4 river rats
  A shadow imp (D:6)
  2 white imps
  2 ufetubi (D:4)
  5 adder zombies
  3 dart slugs
  3 ribbon worms
  4 orcs
  8 bats
  4 endoplasms
  3 giant cockroaches
  13 goblins
  7 hobgoblins
  10 kobolds
  2 quokkas (D:1)
  13 ball pythons
  3 frilled lizards
  6 gnoll zombies (Ossuary)
  5 jackal zombies
  4 orc zombies (Ossuary)
  11 rats
180 creatures vanquished.

Notes
Turn   | Place    | Note
-------+----------+-------------------------------------------
     0 | D:1      | qw the Spriggan Hunter began the quest for the Orb.
     0 | D:1      | Reached XP level 1. HP: 10/10 MP: 2/2
     0 | D:1      | Noticed an elf
     0 | D:1      | 0 ||| qw: Version: 0.3-a-155-g5e7d8dd
     0 | D:1      | 0 ||| qw: Game counter: 1148
     0 | D:1      | 0 ||| qw: Melee chars always use a shield: true
     0 | D:1      | 0 ||| qw: God list: Okawaru
     0 | D:1      | 0 ||| qw: Allow faded altars: false
     0 | D:1      | 0 ||| qw: Do Orc after clearing Dungeon:15 true
     0 | D:1      | 0 ||| qw: Do second Lair branch before Depths: true
     0 | D:1      | 0 ||| qw: Lair rune preference: random
     0 | D:1      | 0 ||| qw: Goals: Normal
     0 | D:1      | 0 ||| PLANNING D:1-11
     1 | D:1      | Noticed a djinni
     1 | D:1      | Noticed a draconian
     4 | D:1      | Noticed a troll
     4 | D:1      | Noticed a troll
     6 | D:1      | Noticed a merfolk
     8 | D:1      | Noticed a demonspawn
     9 | D:1      | Noticed a human
    11 | D:1      | Noticed a demonspawn
    13 | D:1      | Noticed a spriggan
    15 | D:1      | Noticed a naga
    17 | D:1      | Noticed an oni
    19 | D:1      | Noticed a felid
    19 | D:1      | Noticed a vampire
    21 | D:1      | Noticed a demonspawn
    39 | D:1      | Reached skill level 3 in Dodging
    67 | D:1      | Reached XP level 2. HP: 14/14 MP: 3/3
   119 | D:1      | 119 ||| SWAPPING to +0 arbalest.
   120 | D:1      | 120 ||| DROPPING +0 shortbow.
   122 | D:1      | Found a faded altar of an unknown god.
   531 | D:1      | Reached XP level 3. HP: 18/18 MP: 4/4
   605 | D:1      | 605 ||| UPGRADING to amulet of the acrobat.
   610 | D:1      | 610 ||| DROPPING ring of magical power.
   611 | D:1      | 611 ||| READING scroll labelled IZXUTAT NAN VOCO.
   612 | D:1      | 612 ||| READING 2 scrolls labelled PUIMOI YNOSICE.
   612 | D:1      | 612 ||| IDENTIFYING scroll labelled XYOGOTW VIAHUSH
   613 | D:1      | 613 ||| DROPPING scroll of butterflies.
   929 | D:2      | Reached XP level 4. HP: 22/22 MP: 5/5
  1482 | D:2      | 1482 ||| UPGRADING to amulet of regeneration.
  1492 | D:2      | 1492 ||| DROPPING amulet of the acrobat.
  1493 | D:2      | 1493 ||| READING scroll of identify.
  1493 | D:2      | 1493 ||| IDENTIFYING fizzy golden potion
  1575 | D:3      | Noticed Terence
  1578 | D:3      | Killed Terence
  1579 | D:3      | Found a bloodstained altar of Trog.
  1590 | D:3      | Found a shimmering blue altar of Sif Muna.
  1840 | D:3      | Reached XP level 5. HP: 26/26 MP: 6/6
  2075 | D:3      | 2075 ||| READING scroll of identify.
  2075 | D:3      | 2075 ||| IDENTIFYING fuming yellow potion
  2076 | D:3      | 2076 ||| READING scroll labelled COMAOFR QECY.
  2077 | D:3      | 2077 ||| READING scroll labelled OZXEORIOLAM.
  2113 | D:4      | Noticed a +0 spear
  2114 | D:4      | Noticed a +0 dagger
  2119 | D:4      | Noticed a +0 dagger
  2124 | D:4      | Noticed a +0 falchion
  2124 | D:4      | Noticed a +0 spear
  2125 | D:4      | Noticed a +0 short sword
  2125 | D:4      | Noticed a +0 falchion
  2126 | D:4      | Noticed a +0 short sword
  2135 | D:4      | Found a hide-covered altar of Uskayaw.
  2135 | D:4      | Noticed an ogre
  2170 | D:4      | Reached skill level 6 in Ranged Weapons
  2192 | D:4      | Reached XP level 6. HP: 30/30 MP: 7/7
  2219 | D:4      | Found a staircase to the Ecumenical Temple.
  2220 | D:4      | 2220 ||| PLANNING TEMPLE
  2220 | D:4      | 2220 ||| UPGRADING to ring of poison resistance.
  2229 | Temple   | Entered the Ecumenical Temple
  2230 | Temple   | 2230 ||| PLANNING OKAWARU WORSHIP
  2257 | Temple   | Became a worshipper of Warmaster Okawaru
  2258 | Temple   | 2258 ||| PLANNING D:1-11
  2401 | D:4      | Found Ebleridu's Book Boutique.
  2458 | D:4      | Noticed an ice beast
  2463 | D:4      | Killed an ice beast
  2464 | D:4      | Reached skill level 6 in Dodging
  2678 | D:4      | Found Monausch's Jewellery Shop.
  2686 | D:4      | 2686 ||| SHOPLISTING ring "Uliomun" {Fire rCorr MP+9 Str-2
                  | Slay+5} (733 gold, have 208).
  2686 | D:4      | 2686 ||| SHOPLISTING ring of fire (250 gold, have 208).
  2686 | D:4      | 2686 ||| SHOPLISTING ring of ice (250 gold, have 208).
  2686 | D:4      | 2686 ||| BUYING ring of poison resistance (200 gold).
  2686 | D:4      | Bought a ring of poison resistance for 200 gold pieces
  2686 | D:4      | 2686 ||| SHOPLISTING ring of positive energy (200 gold,
                  | have 8).
  2686 | D:4      | 2686 ||| SHOPLISTING ring of protection from cold (250
                  | gold, have 8).
  2697 | D:4      | Reached XP level 7. HP: 35/35 MP: 8/8
  2711 | D:4      | Reached * piety under Okawaru
  2747 | D:4      | 2747 ||| READING scroll of identify.
  2747 | D:4      | 2747 ||| IDENTIFYING 2 clear potions
  2748 | D:4      | 2748 ||| READING scroll labelled LOILIP DU ZUXT.
  2749 | D:4      | 2749 ||| READING 2 scrolls labelled ZIG ZYOSMIGHUR.
  2750 | D:4      | 2750 ||| DROPPING 2 potions of invisibility.
  2751 | D:4      | 2751 ||| DROPPING scroll of fog.
  2793 | D:5      | Entered Level 5 of the Dungeon
  2794 | D:5      | 2794 ||| PLANNING SEWER
  2873 | D:5      | Reached skill level 1 in Invocations
  3145 | D:5      | Reached ** piety under Okawaru
  3146 | D:5      | Reached skill level 3 in Invocations
  3205 | D:5      | Reached XP level 8. HP: 39/39 MP: 11/11
  3249 | D:5      | Found a glowing drain.
  3259 | D:5      | 3259 ||| READING scroll of identify.
  3259 | D:5      | 3259 ||| IDENTIFYING brown potion
  3260 | D:5      | 3260 ||| READING scroll labelled ZAM ZIGY JOTZ.
  3260 | D:5      | 3260 ||| ENCHANTING +0 arbalest.
  3261 | D:5      | 3261 ||| READING scroll labelled DOTUDETETSA.
  3262 | D:5      | 3262 ||| DROPPING potion of berserk rage.
  3267 | Sewer    | Entered a sewer
  3468 | Sewer    | 3468 ||| READING scroll labelled JES COPLUOL.
  3469 | Sewer    | 3469 ||| DRINKING 2 bubbling blue potions.
  3469 | Sewer    | Gained mutation: You occasionally lose the ability to drink
                  | potions when taking damage. [potion of mutation]
  3469 | Sewer    | Gained mutation: Your body sometimes deteriorates upon
                  | taking damage. [potion of mutation]
  3469 | Sewer    | Gained mutation: Armour fits poorly on your strangely
                  | shaped body. [potion of mutation]
  3469 | Sewer    | Gained mutation: You have a beak for a mouth. [potion of
                  | mutation]
  3470 | Sewer    | 3470 ||| DRINKING potion of mutation.
  3470 | Sewer    | Lost mutation: You have a beak for a mouth. [potion of
                  | mutation]
  3470 | Sewer    | Lost mutation: Armour fits poorly on your strangely shaped
                  | body. [potion of mutation]
  3470 | Sewer    | Lost mutation: Your body sometimes deteriorates upon taking
                  | damage. [potion of mutation]
  3470 | Sewer    | Gained mutation: Your magical capacity is low. (-10% MP)
                  | [potion of mutation]
  3507 | D:5      | 3507 ||| PLANNING D:1-11
  3838 | D:5      | Found an ancient bone altar of Kikubaaqudgha.
  3986 | D:6      | 3986 ||| PLANNING OSSUARY
  4001 | D:6      | Found a sand-covered staircase.
  4003 | D:6      | 4003 ||| READING scroll labelled HOSTIEN BEUWAO.
  4112 | Ossuary  | Entered an ossuary
  4184 | Ossuary  | Reached skill level 3 in Fighting
  4268 | Ossuary  | 4268 ||| DRINKING potion of mutation.
  4268 | Ossuary  | Lost mutation: You occasionally lose the ability to drink
                  | potions when taking damage. [potion of mutation]
  4268 | Ossuary  | Lost mutation: Your magical capacity is low. (-10% MP)
                  | [potion of mutation]
  4268 | Ossuary  | Gained mutation: You have sharp toenails. [potion of
                  | mutation]
  4268 | Ossuary  | Gained mutation: You are frail. (-10% HP) [potion of
                  | mutation]
  4268 | Ossuary  | Gained mutation: Your magical capacity is low. (-10% MP)
                  | [potion of mutation]
  4268 | Ossuary  | Gained mutation: You have a pair of small horns on your
                  | head. [potion of mutation]
  4287 | Ossuary  | 4287 ||| READING scroll of identify.
  4287 | Ossuary  | 4287 ||| IDENTIFYING fuming pink potion
  4288 | Ossuary  | 4288 ||| READING scroll labelled KUZUFOS IFUOCW.
  4389 | Ossuary  | 4389 ||| DRINKING 2 fizzy grey potions.
  4416 | Ossuary  | 4416 ||| DRINKING 2 golden potions.
  4417 | Ossuary  | 4417 ||| DRINKING 2 fizzy cyan potions.
  4418 | Ossuary  | 4418 ||| DROPPING potion of lignification.
  4419 | Ossuary  | 4419 ||| DROPPING potion of brilliance.
  4425 | D:6      | 4425 ||| PLANNING D:1-11
  4594 | D:6      | Reached *** piety under Okawaru
  4595 | D:6      | Reached skill level 9 in Ranged Weapons
  4650 | D:6      | Found a basalt altar of Yredelemnul.
  4987 | D:6      | Reached skill level 9 in Dodging
  5046 | D:6      | Reached XP level 9. HP: 39/39 MP: 11/11
  5346 | D:6      | 5346 ||| DRINKING 2 green potions.
  5605 | D:7      | HP: 7/37 [wight/+5 flail (6)]
  5606 | D:7      | 5606 ||| READING scroll of teleportation.
  5607 | D:7      | 5607 ||| DRINKING potion of heal wounds.
  5751 | D:7      | Reached **** piety under Okawaru
  5959 | D:7      | 5959 ||| RETREEEEATING.
  5961 | D:7      | 5961 ||| RETREEEEATING.
  5962 | D:7      | 5962 ||| RETREEEEATING.
  5963 | D:7      | 5963 ||| RETREEEEATING.
  5969 | D:7      | 5969 ||| RETREEEEATING.
  5970 | D:7      | 5970 ||| RETREEEEATING.
  5971 | D:7      | 5971 ||| RETREEEEATING.
  5972 | D:7      | 5972 ||| RETREEEEATING.
  5973 | D:7      | 5973 ||| RETREEEEATING.
  5974 | D:7      | 5974 ||| RETREEEEATING.
  5975 | D:7      | 5975 ||| RETREEEEATING.
  5976 | D:7      | 5976 ||| RETREEEEATING.
  6165 | D:7      | 6165 ||| UPGRADING to +6 ring of strength.
  6166 | D:7      | 6166 ||| UPGRADING to ring of willpower.
  6168 | D:7      | 6168 ||| READING scroll of identify.
  6168 | D:7      | 6168 ||| IDENTIFYING scroll labelled SUASMOFYSM
  6169 | D:7      | 6169 ||| DROPPING scroll of torment.
  6217 | D:8      | Found a large runed translucent door.
  6217 | D:8      | Found a large runed translucent door.
  6229 | D:8      | HP: 4/39 [yak (10)]
  6230 | D:8      | 6230 ||| READING scroll of teleportation.
  6230 | D:8      | Slain by a yak

Levels and vault maps discovered:
D:1:      shiori_arrival_whats_in_store_for_you, layout_basic,
          hellmonk_ecumenical_altar_run_dry, minmay_pentomino_o4
D:2:      layout_loops_corners, patterned_corridor
D:3:      layout_rooms, nzn_overflow_gifts_of_might_and_magic, minmay_bisected,
          uniq_terence
D:4:      layout_basic, nicolae_uskayaw_en_pointe, lemuel_temple_firewalk_b,
          serial_shops, nicolae_shop_competitors_out_of_business, shop
D:5:      layout_cave_pods, lemuel_zombie_altar_kikubaaqudgha,
          portal_sewer_entry_e, wad_floor_pattern_untrapped
D:6:      layout_loops_ring, nicolae_yredelemnul_corpse_copse,
          serial_co_window_serial, co_window_paths_a, co_window_cross_1,
          co_window_paths_b, co_window_paths_a, co_window_paths_a,
          co_window_of_opportunity_c, co_window_broadway_a, co_window_corner_ca,
          co_window_broadway_a, co_window_corner_b, glass_columns_a,
          nicolae_ossuary_entry_ruins, hangedman_decor_push
D:7:      layout_basic
D:8:      layout_cave_pods, gammafunk_ghost_arena, minivault_24,
          minmay_hollow_rounded_squares
Temple:   nicolae_temple_superstar

Skill      XL: |  1  2  3  4  5  6  7  8  9 |
---------------+----------------------------+-----
Dodging        | 3 4 5 6 7 9 10 | 10.0
Ranged Weapons | 5 6 7 9 10 | 10.0
Fighting       | 2 3 |  3.4
Invocations    | 3 4 |  4.7
Stealth        | |  1.5

Action                     |  1- 3 |  4- 6 |  7- 9 || total
---------------------------+-------+-------+-------++-------
   Fire: Shortbow          |    27 |       |       ||    27
         Arbalest          |    50 |   113 |   306 ||   469
    Use: Scroll            |     2 |     4 |    13 ||    19
         Potion            |       |       |     8 ||     8
 Armour: Robe              |     4 |    21 |    63 ||    88
  Dodge: Dodged            |    41 |   106 |   170 ||   317

Table legend:
 A = Non-vault XP
 B = Vault XP
 C = Vault XP percentage of total XP
 D = Non-vault monster count
 E = Vault monster count
 F = Vault count percentage of total count
                 A         B        C        D         E       F
            +---------+---------+-------+---------+---------+-------
      Total |    2962 |    1214 |  29.1 |     108 |      72 |  40.0
            +---------+---------+-------+---------+---------+-------
        D:1 |      39 |       3 |   7.1 |      24 |       2 |   7.7
        D:2 |      75 |       0 |   0.0 |      15 |       0 |   0.0
        D:3 |      32 |      62 |  66.0 |      12 |       5 |  29.4
        D:4 |     644 |       0 |   0.0 |      21 |       0 |   0.0
        D:5 |     576 |     125 |  17.8 |       8 |      13 |  61.9
        D:6 |     368 |     290 |  44.1 |       8 |       7 |  46.7
        D:7 |    1228 |       0 |   0.0 |      20 |       0 |   0.0
      Sewer |       0 |     246 | 100.0 |       0 |      20 | 100.0
    Ossuary |       0 |     488 | 100.0 |       0 |      25 | 100.0
            +---------+---------+-------+---------+---------+-------
